 Dungeon Crawl Stone Soup version 0.21-a0-529-g8c7b3f5 (webtiles) character file.

33 slep the Chopper (level 3, 0/18 HPs)
             Began as a Vine Stalker Gladiator on Dec 11, 2017.
             Slain by a kobold
             ... wielding a +0 dagger
              (2 damage)
             ... on level 2 of the Dungeon.
             The game lasted 00:02:34 (738 turns).

slep the Chopper (Vine Stalker Gladiator)            Turns: 738, Time: 00:02:35

Health: 0/18       AC:  4    Str: 16    XL:     3   Next: 29%
Magic:  0/4        EV: 13    Int:  8    God:
Gold:   45         SH:  0    Dex: 16    Spells: 2/2 levels left

rFire    + . .     SeeInvis .   a - +0 war axe
rCold    . . .     Gourm    .   (no shield)
rNeg     . . .     Faith    .   b - +0 leather armour
rPois    .         Spirit   +   c - +0 helmet
rElec    .         Reflect  .   (no cloak)
rCorr    .         Harm     .   (no gloves)
MR       .....                  (no boots)
Stlth    +.........             (no amulet)
HPRegen  0.06/turn              j - ring of protection from fire
MPRegen  0.09/turn              (no ring)

@: no status effects
A: fangs 2, magic shield, antimagic bite, no potion heal 3, rot immunity
a: no special abilities


You were on level 2 of the Dungeon.
You were not hungry.

You visited 1 branch of the dungeon, and saw 2 of its levels.

You collected 45 gold pieces.

Inventory:

Hand Weapons
 a - a +0 war axe (weapon)
Missiles
 d - 3 throwing nets (quivered)
Armour
 b - a +0 leather armour (worn)
 c - a +0 helmet (worn)
Jewellery
 j - a ring of protection from fire (left hand)
Scrolls
 g - 2 scrolls of fog {unknown}
 h - a scroll of noise {unknown}
 k - 2 scrolls of blinking {unknown}
 m - a scroll of amnesia {unknown}
 o - a scroll of identify {unknown}
 p - a scroll of magic mapping {unknown}
Potions
 e - a potion of flight {unknown}
 i - 2 potions of curing
 l - a potion of lignification {unknown}
 n - a potion of heal wounds {unknown}
Comestibles
 f - a bread ration


   Skills:
 + Level 2.2 Fighting
 + Level 3.0 Axes
 + Level 1.9 Throwing
 + Level 0.8 Armour
 + Level 2.6 Dodging


You had 2 spell levels left.
You didn't know any spells.

Dungeon Overview and Level Annotations

Branches:
Dungeon (2/15)

Altars:


Innate Abilities, Weirdness & Mutations

You have extremely sharp teeth.
When hurt, damage is shared between your health and your magic reserves.
Your bite disrupts and absorbs the magic of your enemies.
Potions cannot restore your health.
You are immune to rotting.


Message History

The adder is moderately wounded.
You barely miss the leopard gecko. You miss the kobold.
The leopard gecko closely misses you. The kobold hits you with a dagger.
The adder bites you.
* * * LOW HITPOINT WARNING * * *
You are lethally poisoned!
The adder poisons you!
The leopard gecko completely misses you.
The kobold closely misses you. The adder misses you.
You closely miss the adder.
The adder is moderately wounded.
You barely miss the kobold. You barely miss the leopard gecko.
* * * LOW HITPOINT WARNING * * *
You feel sick. The leopard gecko closely misses you. The adder bites you.
* * * LOW HITPOINT WARNING * * *
The kobold hits you but does no damage.
The leopard gecko completely misses you.
It was a potion of curing.
Your system rejects the healing.
You feel better. The adder closely misses you.
The kobold hits you with a dagger.
You die...

#.. ########### #..
#.........# #..
#########.........# ###
..................#
..................######
........................
......l.................
......S@................
.......K.######....)....
.........# #.........
...w....!# #.........
.........# #.........
.........# ##########
.........# .........#


You could see a worm, an adder, a leopard gecko and a kobold.

Vanquished Creatures
  A worm (D:2)
  2 bats (D:1)
  A giant cockroach (D:2)
  2 goblins
  2 hobgoblins (D:1)
  8 jackals (D:2)
  A quokka (D:2)
  A frilled lizard (D:2)
  6 kobolds
  2 rats (D:2)
26 creatures vanquished.

Notes
Turn   | Place    | Note
-------+----------+-------------------------------------------
     0 | D:1      | slep the Vine Stalker Gladiator began the quest for the Orb.
     0 | D:1      | Reached XP level 1. HP: 11/11 MP: 2/2
   324 | D:1      | Reached XP level 2. HP: 15/15 MP: 3/3
   634 | D:2      | Reached skill level 3 in Axes
   674 | D:2      | Reached XP level 3. HP: 13/18 MP: 4/4
   738 | D:2      | Slain by a kobold

Vault maps used:
D:1:      elethiomel_arrival_shortcut
D:2:      uniq_sigmund

Skill      XL: |  1  2 |
---------------+-------+-----
Fighting       | 2 |  2.2
Axes           | 3 |  3.0
Throwing       | |  1.9
Armour         | |  0.8
Dodging        | |  2.6

Action                   || total
-------------------------++-------
Melee: War axe           ||    61
       Bite              ||    13
  Use: Potion            ||     1
 Stab: Sleeping          ||     1
Armor: Leather armour    ||    22
Dodge: Dodged            ||    65

Table legend:
 A = Spawn XP
 B = Non-spawn XP
 C = Spawn XP percentage of total XP
 D = Spawn monster count
 E = Non-spawn monster count
 F = Spawn count percentage of total count
 G = Total turns spent on level
                    A         B        C        D         E        F      G
               +---------+---------+-------+---------+---------+-------+---------
         Total |       0 |      48 |   0.0 |       0 |      26 |   0.0 |   738
               +---------+---------+-------+---------+---------+-------+---------
           D:1 |       0 |      15 |   0.0 |       0 |       9 |   0.0 |   614
           D:2 |       0 |      33 |   0.0 |       0 |      17 |   0.0 |   124
               +---------+---------+-------+---------+---------+-------+---------
